Match 46982341
Unlisted

Match 46982341
End
Construct Infanterie Kompanie
Pioneer Squad
MG 42 Machine Gun Team
MG 42 Machine Gun Team
Selects Luftwaffe Battlegroup
Selects Luftwaffe Pioneer Support
Fallschirmpioneer Squad Paradrop
GrW 34 Mortar Team
Construct Luftwaffe Kompanie
Infanterie Officer Quarters
Selects Stuka Strafing Run
Jäger Squad
Stuka Strafing Run
Fallschirmpioneer Squad Paradrop
Selects Fallschirmjäger Squad Paradrop
Luftwaffe Officer Quarters
Medical Station
Stuka Strafing Run
Stuka Strafing Run
Construct Panzer Kompanie
Fallschirmjäger Squad Paradrop
Panzer IV Medium Tank
Selects LG40 Recoilless Gun Paradrop
Stuka Strafing Run
Side Skirts
Selects Stuka Loiter
Stuka Strafing Run
Panzer IV Medium Tank
Stuka Loiter
Stuka Strafing Run
Fallschirmjäger Squad Paradrop
Medical Bunker
Stuka Strafing Run
Fallschirmjäger Squad Paradrop
Selects Infantry Reserves
Construct Panzergrenadier Kompanie
Stuka Strafing Run
Panzer IV Medium Tank
Stuka Strafing Run
Pak 40 Anti-tank Gun Team
Panzer IV Medium Tank
Stuka Strafing Run
Panzer Officer Quarters
251 Medium Carrier
Fallschirmjäger Squad Paradrop
Stuka Strafing Run
Pioneer Squad
Stuka Strafing Run
Fallschirmjäger Squad Paradrop
MrSnooze
Zahnlücke 2.0
Hawk tuah
TodesApostel
LeChimp
Arn
Flammable
nateums
0
0

Comments sign in to comment!

No comments posted yet!